 Dungeon Crawl Stone Soup version 0.29-a0-555-g3b24f45cc1 (webtiles) character file.

Game seed: 3288731840093522148

23 siradein the Grave Robber (level 2, 0/23 HPs)
             Began as a Hill Orc Necromancer on June 8, 2022.
             Slain by a worm (9 damage)
             ... on level 2 of the Dungeon.
             The game lasted 00:03:29 (1376 turns).

siradein the Grave Robber (Hill Orc Necromancer)    Turns: 1376, Time: 00:03:30

Health: 0/23       AC:  4    Str: 10    XL:     2   Next: 95%
Magic:  2/4        EV: 11    Int: 15    God:
Gold:   105        SH:  0    Dex: 11    Spells: 3/4 levels left

rFire   . . .      SeeInvis .   n - +0 short sword
rCold   . . .      Faith    .   (no shield)
rNeg    . . .      Spirit   .   g - +0 leather armour
rPois   .          Reflect  .   (no helmet)
rElec   .          Harm     .   (no cloak)
rCorr   .          Rampage  .   a - +0 pair of gloves
Will    .....                   (no boots)
Stlth   +.........              (no amulet)
HPRegen 0.07/turn               i - +4 ring of slaying
MPRegen 0.09/turn               (no ring)

@: no status effects
A: no striking features
a: no special abilities


You were on level 2 of the Dungeon.
You visited 1 branch of the dungeon, and saw 2 of its levels.

You collected 105 gold pieces.

Inventory:

Hand Weapons
 n - a +0 short sword (weapon)
Armour
 a - a +0 pair of gloves (worn)
 g - a +0 leather armour (worn)
Jewellery
 i - a +4 ring of slaying (left hand)
Scrolls
 h - a scroll of immolation {unknown}
 j - a scroll of poison {unknown}
 k - a scroll of blinking {unknown}
 l - a scroll of fog {unknown}
 m - a scroll of identify {unknown}
Potions
 b - a potion of magic
 c - a potion of curing {unknown}
 d - a potion of brilliance {unknown}
 f - a potion of cancellation {unknown}


   Skills:
 + Level 1.3 Fighting
 + Level 1.9 Dodging
 - Level 1.5 Stealth
 + Level 1.8 Spellcasting
 + Level 4.2 Necromancy


You had 3 spell levels left.
You knew the following spells:

 Your Spells              Type           Power      Damage    Failure   Level
a - Necrotize             Necr           56%        1d6       5%          1

Your spell library contained the following spells:

 Spells                   Type           Power      Damage    Failure   Level
 Vampiric Draining        Necr           14%        2d7       16%         3
 Ensorcelled Hibernation  Hex/Ice        2%         N/A       43%         2
 Passwall                 Tmut/Erth      0%         N/A       43%         2
 Swiftness                Air            1%         N/A       67%         3
 Animate Dead             Necr           14%        N/A       47%         4
 Agony                    Necr           14%        N/A       83%         5


Dungeon Overview and Level Annotations

Branches:
Dungeon (2/15)

Altars:


Message History

No target in view!
No target in view!
Things that are here:
a +0 dagger; 5 stones; a kobold corpse
Found a stone staircase leading up.
A worm comes into view.
Found 4 gold pieces and a scroll labelled NEEXTU VEZY.
The worm moves out of view.
A kobold comes into view. It is wielding a +0 dagger.
There are monsters nearby!
There are monsters nearby!
An adder comes into view.
The kobold shouts!
You hit the worm.
The worm is lightly wounded.
The worm barely misses you.
You hit the worm.
The worm is lightly wounded.
You puncture the worm!
The worm is heavily wounded.
The worm bites you! The kobold misses you.
You hit the worm.
The worm is severely wounded.
The worm bites you. The kobold barely misses you.
You are too injured to fight recklessly!
Casting: Necrotize (safe; 5% risk of failure)
Confirm with . or Enter, or press ? or * to list all spells.
Aiming: Necrotize (safe; 5% risk of failure)
Press: ? - help, Shift-Dir - straight line, f - kobold
Aim: a kobold, wielding a +0 dagger (chance to affect: 84%)
The kobold barely resists.
The kobold misses you.
Casting: Necrotize (safe; 5% risk of failure)
Confirm with . or Enter, or press ? or * to list all spells.
Aiming: Necrotize (safe; 5% risk of failure)
Press: ? - help, Shift-Dir - straight line, f - worm, p - kobold
Aim: a worm (severely wounded, chance to affect: 78%)
The worm barely resists.
The adder hisses angrily.
The worm bites you!
You die...

?. .##.##.####.#
#.###.##.##.#....#
#.#....#.##.#.##..
#.#..#.#.##.#.#...
#......#.##.#.....
#...<# #.##.#.....
###+#....#.#.##.#.....
#.#.....K..#.#.##.#...#.
.....$.@#....#.##.......
......w###.###.#########
....... #.....# #.....
###.... ####### #....^
#...S #..... #....
#..... ##### ######


You could see a worm, an adder and a kobold.

Vanquished Creatures
  A worm (D:2)
  A giant cockroach (D:2)
  A goblin (D:1)
  2 hobgoblins
  3 kobolds
  A quokka (D:1)
  7 ball pythons
16 creatures vanquished.

Vanquished Creatures (collateral kills)
  A rat (D:1)
1 creature vanquished.

Grand Total: 17 creatures vanquished

Notes
Turn   | Place    | Note
-------+----------+-------------------------------------------
     0 | D:1      | siradein the Hill Orc Necromancer began the quest for the
                  | Orb.
     0 | D:1      | Reached XP level 1. HP: 14/14 MP: 3/3
   438 | D:1      | Found a faded altar of an unknown god.
   551 | D:1      | Reached XP level 2. HP: 22/22 MP: 4/4
   855 | D:2      | Reached skill level 1 in Fighting
  1376 | D:2      | Slain by a worm

Illustrated notes

Levels and vault maps discovered:
D:1:      heliophobic_arrival_glass_houses, layout_basic,
          ebering_ecumenical_altar_sacrificial
D:2:      layout_basic

Skill      XL: |  1  2 |
---------------+-------+-----
Fighting       | 1 |  1.3
Dodging        | |  1.9
Stealth        | |  1.5
Spellcasting   | |  1.8
Necromancy     | |  4.2

Action                   || total
-------------------------++-------
Melee: Dagger            ||    26
       Short sword       ||     7
 Cast: Necrotize         ||    16
Armor: Leather armour    ||     9
Dodge: Dodged            ||    22

Table legend: (Time is in decaauts)
 A = Elapsed time spent in this place.
 B = Non-inter-level travel time spent in this place.
 C = Inter-level travel time spent in this place.
 D = Time resting spent in this place.
 E = Time spent auto-exploring this place.
 F = Levels seen in this place.
 G = Mean time per level.
                   A        B        C        D        E       F      G
               +--------+--------+--------+--------+--------+-----+--------+
         Total |   1375 |   1348 |     27 |      6 |   1157 |   2 |  687.5 |
       Dungeon |   1375 |   1348 |     27 |      6 |   1157 |   2 |  687.5 |
               +--------+--------+--------+--------+--------+-----+--------+

Top non-repeatable levels by time:
     D:1: 848 daAuts
     D:2: 527 daAuts
